Map: Pilares de oro EE

Players

Harken

  • Race: Zerg Zerg
  • League: Gold
  • Spawn Location: 1:00

MrFercho - Winner!

  • Race: Zerg Zerg
  • League: Gold
  • Spawn Location: 7:00

VOD

Have the link to the VOD?

Description

Time

  • Played on: Aug. 4, 2020, 8:16 p.m.
  • Length: 12:05
Show
View Real Time Build Order
Export as new Build Order

Harken Zerg 

Build Orders: Hatch First 

Get SALT Encoding   

  12  0:00  Drone  
  13  0:13  Overlord  
  13  0:18  Drone  
  14  0:32  Drone x2  
  14  0:35  Drone  
  17  0:54  Hatchery  
  16  0:57  Drone  
  16  1:01  Drone  
  18  1:07  Drone  
  19  1:17  Spawning Pool  
  18  1:21  Drone  
  19  1:28  Extractor  
  19  1:29  Drone  
  19  1:39  Drone  
  20  1:50  Overlord  
  20  2:02  Drone  
  20  2:06  Queen  
  20  2:07  Queen  
  25  2:08  Zergling x2  
  25  2:12  Zergling x2  
  27  2:18  Drone  
  28  2:27  Overlord  
  28  2:28  Drone  
  29  2:34  Drone  
  30  2:39  Baneling Nest  
  30  2:40  Drone  
  30  2:50  Drone  
  30  2:51  Metabolic Boost  
  31  2:58  Spine Crawler, Drone  
  32  3:00  Drone  
  32  3:04  Drone  
  33  3:08  Drone  
  34  3:20  Overlord, Drone  
  34  3:21  Drone x4  
  34  3:22  Drone  
  34  3:26  Extractor  
  39  3:28  Extractor  
  39  3:29  Baneling x2  
  39  3:30  Zergling x2  
  39  3:37  Drone  
  39  3:40  Drone  
  41  3:46  Roach Warren  
  41  3:47  Drone  
  41  3:51  Overlord  
  41  3:52  Drone x2  
  41  3:54  Drone  
  44  3:56  Drone  
  44  3:58  Drone  
  46  4:06  Zergling x4  
  46  4:07  Zergling x2  
  46  4:08  Baneling  
  49  4:26  Hatchery  
  48  4:31  Drone  
  48  4:32  Drone x7  
  56  4:44  Lair, Drone  
  56  4:45  Drone  
  58  4:50  Evolution Chamber  
  58  4:51  Evolution Chamber  
  58  4:52  Drone  
  57  4:53  Drone  
  57  4:54  Drone  
  57  4:56  Drone  
  57  4:59  Overlord  
  60  5:03  Extractor, Overlord  
  59  5:13  Overlord  
  59  5:17  Queen  
  59  5:19  Baneling  
  61  5:39  Drone  
  61  5:41  Roach  
  61  5:42  Roach x9  
  81  6:11  Overlord x2  
  81  6:12  Overlord x2  
  81  6:19  Overlord  
  81  6:26  Zerg Ground Armor Level 1, Zerg Missile Weapons Level 1  
  81  6:29  Queen x2  
  81  6:31  Hatchery  
  84  6:37  Hydralisk Den, Drone x3  
  84  6:38  Drone  
  87  6:41  Spore Crawler  
  87  6:43  Drone, Roach  
  87  6:44  Drone x4  
  93  6:52  Drone x5  
  93  6:53  Drone  
  99  6:59  Glial Reconstitution  
  99  7:01  Centrifical Hooks  
  99  7:07  Overseer  
  87  7:30  Roach x8  
  87  7:31  Roach x4  
  82  7:59  Hydralisk  
  82  8:00  Hydralisk x5  
  82  8:01  Roach x2  
  98  8:06  Spine Crawler  
  97  8:17  Queen  
  99  8:20  Queen  
  99  8:24  Overlord x3  
  99  8:26  Drone  
  100  8:41  Roach  
  100  8:42  Roach x5  
  100  8:43  Roach  
  104  8:49  Zergling x8  
  86  9:16  Zergling x18  
  95  9:24  Queen  
  97  9:36  Extractor  
  97  9:38  Extractor  
  95  9:40  Hatchery  
  95  9:41  Burrow  
  95  9:45  Muscular Augments  
  94  9:48  Drone  
  94  9:50  Drone  
  94  9:51  Drone x3  
  94  9:52  Drone  
  100  9:54  Drone  
  100  9:55  Drone x6  
  101  10:11  Roach x3  
  84  10:17  Roach  
  84  10:18  Roach x4  
  78  10:32  Roach  
  78  10:33  Roach x2  
  79  10:39  Spine Crawler  
  76  10:50  Roach x3  
  76  10:56  Hatchery  
  73  11:07  Roach  
  73  11:08  Roach x4  
  73  11:10  Roach  
Show
View Real Time Build Order
Export as new Build Order

MrFercho Zerg - Winner!

Build Orders: Hatch First 

Get SALT Encoding   

  12  0:00  Drone  
  13  0:13  Overlord  
  13  0:18  Drone  
  14  0:36  Drone x2  
  16  0:55  Hatchery, Drone  
  16  0:58  Drone  
  17  1:08  Drone  
  18  1:13  Extractor  
  17  1:21  Spawning Pool  
  17  1:24  Drone  
  17  1:32  Drone  
  18  1:42  Drone  
  19  1:51  Drone  
  20  2:02  Overlord  
  20  2:08  Queen x2  
  20  2:10  Drone  
  20  2:13  Drone  
  26  2:17  Drone  
  27  2:25  Drone  
  27  2:28  Drone  
  29  2:38  Drone  
  30  2:46  Drone x2  
  32  2:53  Overlord  
  32  3:01  Drone x2  
  34  3:06  Roach Warren  
  34  3:09  Drone  
  34  3:19  Evolution Chamber  
  33  3:24  Drone x3  
  33  3:25  Queen  
  40  3:30  Lair  
  38  3:38  Drone x6  
  44  3:45  Zerg Missile Weapons Level 1  
  44  3:54  Overlord x2  
  44  4:03  Extractor  
  44  4:06  Extractor, Queen  
  44  4:21  Overlord  
  44  4:23  Roach x5  
  44  4:24  Roach  
  56  4:27  Drone x3  
  59  4:32  Overlord  
  59  4:35  Overlord  
  59  4:38  Drone  
  59  4:42  Drone  
  61  5:09  Roach x6  
  61  5:13  Drone x4  
  77  5:19  Glial Reconstitution  
  77  5:22  Evolution Chamber  
  77  5:27  Drone x2  
  77  6:02  Drone x5  
  77  6:03  Drone x2  
  84  6:04  Overlord x2, Hatchery  
  83  6:22  Hatchery  
  82  6:28  Roach  
  82  6:29  Roach x6  
  96  6:42  Zerg Missile Weapons Level 2  
  96  6:43  Zerg Ground Armor Level 1  
  96  6:55  Drone  
  96  6:56  Drone x3  
  96  6:57  Overlord x2  
  96  6:58  Extractor  
  99  7:03  Extractor  
  98  7:20  Roach x10  
  110  7:39  Roach  
  110  7:40  Roach x6  
  122  7:52  Hydralisk Den  
  122  7:55  Drone x2  
  122  7:56  Drone x2  
  122  7:57  Drone x3  
  122  7:58  Drone x2  
  122  7:59  Drone  
  122  8:01  Roach  
  122  8:03  Overlord x2  
  127  8:24  Roach x8  
  143  8:28  Overlord x5  
  135  8:43  Roach  
  135  8:44  Roach x8  
  137  8:50  Zerg Ground Armor Level 2  
  121  8:56  Extractor, Muscular Augments  
  110  9:05  Roach x12  
  110  9:06  Queen  
  128  9:29  Overlord  
  128  9:30  Overlord x3  
  128  9:34  Roach x10  
  148  9:48  Roach x9  
  148  9:49  Roach  
  168  10:00  Infestation Pit  
  167  10:07  Grooved Spines  
  167  10:08  Roach  
  167  10:09  Roach x8  
  175  10:19  Drone x4  
  179  10:25  Spore Crawler  
  179  10:28  Spine Crawler  
  177  10:29  Spine Crawler  
  176  10:37  Hive  
  162  11:04  Drone x4  
  162  11:07  Roach x12  
  184  11:11  Extractor  
  184  11:12  Hatchery  
  184  11:16  Extractor  
  184  11:17  Spine Crawler  
Tags
 
League
GoldGold
Matchup
ZvZ
Race
Zerg
Replay Pack
MrFercho
Spawn Locations
Cross Positions
Add a new tag
Caveats
  • Supply blocks, unpowered buildings, or Contaminate may cause inaccurate times.
  • Supply counts are checked every 10 seconds.